 Dungeon Crawl Stone Soup version 0.26-a0-651-gb41185065b (webtiles) character file.

Game seed: 5116913249981222314

23 Flugslaktarn the Covered (level 2, -3/27 HPs)
             Began as a Deep Dwarf Fighter on Oct 26, 2020.
             Slain by Sigmund
             ... wielding a cursed -3 scythe
              (7 damage)
             ... on level 2 of the Dungeon.
             The game lasted 00:00:15 (278 turns).

Flugslaktarn the Covered (Deep Dwarf Fighter)        Turns: 278, Time: 00:00:15

Health: -3/27      AC:  8    Str: 19    XL:     2   Next: 72%
Magic:  2/2        EV:  7    Int:  8    God:
Gold:   0          SH:  0    Dex: 12    Spells: 1/1 levels left

rFire    . . .     SeeInvis .   a - +0 war axe
rCold    . . .     Faith    .   c - +0 kite shield
rNeg     . . .     Spirit   .   b - +0 scale mail
rPois    .         Reflect  .   (no helmet)
rElec    .         Harm     .   (no cloak)
rCorr    .         Rampage  .   g - +0 pair of gloves
MR       .....                  (no boots)
Stlth    ..........             (no amulet)
HPRegen  0.00/turn              (no ring)
MPRegen  0.08/turn              (no ring)

@: confused, non-regenerating
A: damage resistance, heal wounds, sense surroundings 1, no regeneration
a: Heal Wounds


You were on level 2 of the Dungeon.
You visited 1 branch of the dungeon, and saw 2 of its levels.

Inventory:

Hand Weapons
 a - a +0 war axe (weapon)
Armour
 b - a +0 scale mail (worn)
 c - a +0 kite shield (worn)
 g - a +0 pair of gloves (worn)
   (You found it on level 1 of the Dungeon)
Scrolls
 e - a scroll of teleportation {unknown}
 h - a scroll of identify {unknown}
Potions
 d - a potion of might
 f - 2 potions of haste {unknown}


   Skills:
 + Level 2.9 Fighting
 * Level 2.9 Axes
 + Level 3.5 Armour
 + Level 3.5 Shields


You had one spell level left.
You didn't know any spells.
Your spell library was empty.

Dungeon Overview and Level Annotations

Branches:
Dungeon (2/15)

Altars:

Annotations:
D:2 Sigmund


Innate Abilities, Weirdness & Mutations

You are resistant to damage.
You can heal yourself by infusing magical energy.
You passively map a small area around you.
You do not regenerate.


Message History

You block the bat's attack.
You hear some strange, mumbled words.
You are confused.
You are too confused!
Something hits you. The bat closely misses you.
You are too confused!
You're too confused!
You barely miss something. You miss the bat.
The bat hits you but does no damage.
You hear some strange, mumbled words.
A puff of flame appears from out of thin air!
The puff of flame hits you!
You are too confused!
You closely miss something. The bat barely misses you. Something hits you.
* * * LOW HITPOINT WARNING * * *
The bat hits you but does no damage.
You are too injured to fight recklessly!
You miss something. You miss the bat. The bat hits you but does no damage.
Something hits you!
You die...

* , ,, .....
, **,#.....
#.!..####
,#...$...# ,
, *
#....$..# **
,#..b....+
,, , ,, *
#(.....# ,
####.....<+,
, ,
#$..@.....#
, ,,
*#....{...(#
,, ,,
#....######*
+ #....# *
#....# *
######


You could see a bat.

Vanquished Creatures
  2 oozes (D:1)
  2 goblins (D:1)
  2 hobgoblins (D:1)
  3 kobolds (D:1)
  A ball python (D:1)
  2 bats
  A rat (D:1)
13 creatures vanquished.

Notes
Turn   | Place    | Note
-------+----------+-------------------------------------------
     0 | D:1      | Flugslaktarn the Deep Dwarf Fighter began the quest for the
                  | Orb.
     0 | D:1      | Reached XP level 1. HP: 20/20 MP: 1/1
    94 | D:1      | Reached XP level 2. HP: 27/27 MP: 2/2
   262 | D:2      | Noticed Sigmund
   278 | D:2      | Slain by Sigmund

Illustrated notes

Levels and vault maps discovered:
D:1:      sevenhm_arrival_forest_fort_small_3, layout_rooms, st_stairs_5,
          minmay_misc_feat_hallway
D:2:      layout_basic, nemelex_xobeh_ov_fountains_minmay, uniq_sigmund

Action                   || total
-------------------------++-------
Melee: War axe           ||    37
Armor: Scale mail        ||    25
Dodge: Dodged            ||    11
Block: Kite shield       ||    23

Table legend: (Time is in decaauts)
 A = Elapsed time spent in this place.
 B = Non-inter-level travel time spent in this place.
 C = Inter-level travel time spent in this place.
 D = Time resting spent in this place.
 E = Time spent auto-exploring this place.
 F = Levels seen in this place.
 G = Mean time per level.
                   A        B        C        D        E       F      G
               +--------+--------+--------+--------+--------+-----+--------+
         Total |    293 |    285 |      8 |      0 |    163 |   2 |  146.5 |
       Dungeon |    293 |    285 |      8 |      0 |    163 |   2 |  146.5 |
               +--------+--------+--------+--------+--------+-----+--------+

Top non-repeatable levels by time:
     D:1: 276 daAuts
     D:2: 17 daAuts
